General information
- name: BNet
- type: Ladder team game (AT/RT)
- host: Battle.net
- saver: TakeAChillPill
map: Deathknell
- players: 8
- length: 33:54
- speed: Fast
- version: 1.26 W3XP
- replay type: Public
» download(226 KB)
Players
team 1 (loser)
WinD (
teal | 75 APM | 2526 actions | 33:30)
4 Archmage
2 Summon Water Elemental
2 Brilliance Aura
3 Mountain King
2 Storm Bolt
1 Bash
3 Paladin
1 Holy Light
2 Devotion Aura
» actions
| Assign group hotkey | 21 | |
| Basic commands | 277 | |
| Build / train | 112 | |
| ESC pressed | 15 | |
| Enter build submenu | 50 | |
| Enter hero's abilities submenu | 10 | |
| Give item / drop item | 3 | |
| Remove unit from queue | 1 | |
| Right click | 1096 | |
| Select / deselect | 603 | |
| Select group hotkey | 145 | |
| Use ability | 193 | |
2526 total
» units
| Peasant | 22 | |
| Footman | 8 | |
| Gryphon Rider | 11 | |
| Priest | 8 | |
| Knight | 4 | |
53 total
» upgrades
| Defend | 1 | |
| Plating | 4 | |
| Masonry | 3 | |
| Priest Training | 2 | |
| Storm Hammers | 1 | |
| Animal War Training | 1 | |
| Armor | 2 | |
| Lumber Harvesting | 2 | |
| Swords | 1 | |
17 total
» buildings
| Altar of Kings | 4 | |
| Barracks | 1 | |
| Farm | 19 | |
| Arcane Vault | 2 | |
| Town Hall | 2 | |
| Keep | 1 | |
| Lumber Mill | 2 | |
| Blacksmith | 3 | |
| Castle | 1 | |
| Gryphon Aviary | 1 | |
| Arcane Sanctum | 1 | |
| Scout Tower | 17 | |
| Guard Tower | 6 | |
60 total
» build order
00:45 Altar of Kings
00:49 Barracks
01:00 Farm
01:04 Farm
01:42 Farm
01:43 Farm
02:22 Farm
03:04 Arcane Vault
04:20 Town Hall
05:05 Keep
05:53 Lumber Mill
05:54 Blacksmith
06:19 Farm
06:20 Farm
06:22 Farm
06:23 Farm
06:24 Farm
06:26 Farm
06:27 Farm
07:51 Blacksmith
07:53 Farm
08:01 Arcane Vault
08:59 Farm
09:00 Castle
09:39 Gryphon Aviary
09:41 Arcane Sanctum
12:16 Altar of Kings
14:35 Farm
15:35 Blacksmith
17:03 Farm
17:04 Farm
17:06 Farm
17:07 Farm
19:44 Lumber Mill
23:28 Scout Tower
23:29 Scout Tower
23:32 Town Hall
23:34 Scout Tower
23:35 Scout Tower
24:22 Guard Tower
27:41 Altar of Kings
28:32 Scout Tower
28:34 Scout Tower
28:35 Scout Tower
28:36 Scout Tower
28:36 Scout Tower
28:39 Scout Tower
30:05 Scout Tower
30:07 Scout Tower
30:08 Scout Tower
30:16 Altar of Kings
30:32 Scout Tower
30:34 Guard Tower
30:36 Scout Tower
30:38 Guard Tower
30:41 Scout Tower
30:43 Scout Tower
30:44 Guard Tower
31:02 Guard Tower
31:30 Guard Tower
» items
| Scroll of Regeneration | 2 | |
| Lesser Clarity Potion | 1 | |
| Potion of Healing | 5 | |
| Scroll of Town Portal | 3 | |
| Rod of Necromancy | 2 | |
| Orb of Corruption | 1 | |
| Orb of Lightning | 1 | |
| Tiny Great Hall | 1 | |
16 total
TakeAChillPill (
blue | 93 APM | 3168 actions | 33:54)
7 Blademaster
3 Wind Walk
3 Critical Strike
1 Bladestorm
» actions
| Assign group hotkey | 57 | |
| Basic commands | 274 | |
| Build / train | 107 | |
| ESC pressed | 1 | |
| Enter build submenu | 52 | |
| Enter hero's abilities submenu | 7 | |
| Give item / drop item | 15 | |
| Right click | 1268 | |
| Select / deselect | 340 | |
| Select group hotkey | 836 | |
| Use ability | 211 | |
3168 total
» units
| Peon | 16 | |
| Grunt | 9 | |
| Goblin Shredder | 5 | |
| Wind Rider | 10 | |
| Troll Batrider | 6 | |
46 total
» upgrades
| Berserker Strength | 1 | |
| Armor | 3 | |
| Reinforced Defenses | 1 | |
| Ranged Weapons | 3 | |
| Pillage | 1 | |
| Envenomed Spears | 1 | |
| Liquid Fire | 1 | |
| Troll Regeneration | 1 | |
12 total
» buildings
| Orc Burrow | 6 | |
| Altar of Storms | 1 | |
| Barracks | 1 | |
| Voodoo Lounge | 2 | |
| War Mill | 1 | |
| Stronghold | 4 | |
| Great Hall | 1 | |
| Watch Tower | 29 | |
| Fortress | 4 | |
| Beastiary | 4 | |
53 total
» build order
00:07 Orc Burrow
00:10 Orc Burrow
00:53 Altar of Storms
01:03 Barracks
02:03 Voodoo Lounge
03:32 Orc Burrow
04:45 War Mill
05:26 Stronghold
05:26 Stronghold
06:43 Great Hall
07:20 Watch Tower
07:27 Watch Tower
08:34 Fortress
08:34 Fortress
08:34 Fortress
08:37 Watch Tower
08:41 Watch Tower
08:45 Watch Tower
08:46 Watch Tower
10:22 Watch Tower
10:24 Watch Tower
11:32 Beastiary
11:34 Beastiary
13:14 Beastiary
13:15 Beastiary
14:24 Watch Tower
14:26 Watch Tower
14:28 Watch Tower
14:29 Watch Tower
14:32 Watch Tower
14:35 Watch Tower
14:37 Watch Tower
14:42 Watch Tower
15:49 Watch Tower
15:50 Watch Tower
15:51 Watch Tower
19:26 Watch Tower
19:56 Orc Burrow
20:21 Watch Tower
21:09 Stronghold
22:21 Watch Tower
22:23 Watch Tower
23:38 Orc Burrow
23:53 Watch Tower
25:01 Watch Tower
25:02 Watch Tower
25:02 Watch Tower
25:04 Watch Tower
25:05 Watch Tower
25:26 Orc Burrow
28:08 Voodoo Lounge
» items
| Healing Salve | 7 | |
| Lesser Clarity Potion | 5 | |
| Orb of Lightning | 1 | |
| Potion of Healing | 1 | |
14 total
eeeeeeeeeeeeYAK (
green | 115 APM | 3832 actions | 33:12)
7 Death Knight
3 Death Coil
3 Unholy Aura
1 Animate Dead
6 Lich
3 Frost Nova
2 Frost Armor
1 Death and Decay
» actions
| Assign group hotkey | 29 | |
| Basic commands | 280 | |
| Build / train | 89 | |
| ESC pressed | 6 | |
| Enter build submenu | 29 | |
| Enter hero's abilities submenu | 13 | |
| Give item / drop item | 3 | |
| Remove unit from queue | 4 | |
| Right click | 1093 | |
| Select / deselect | 550 | |
| Select group hotkey | 1614 | |
| Use ability | 122 | |
3832 total
» units
| Acolyte | 17 | |
| Ghoul | 2 | |
| Crypt Fiend | 7 | |
| Obsidian Statue | 6 | |
| Gargoyle | 8 | |
40 total
» upgrades
| Burrow | 1 | |
| Ghoul Frenzy | 1 | |
| Destroyer Form | 1 | |
| Creature Attack | 2 | |
| Creature Carapace | 2 | |
| Web | 1 | |
8 total
» buildings
| Crypt | 2 | |
| Graveyard | 1 | |
| Altar of Darkness | 1 | |
| Ziggurat | 11 | |
| Tomb of Relics | 1 | |
| Nerubian Tower | 4 | |
| Halls of the Dead | 1 | |
| Spirit Tower | 2 | |
| Black Citadel | 1 | |
| Slaughterhouse | 1 | |
| Necropolis | 1 | |
26 total
» build order
00:10 Crypt
00:12 Graveyard
00:43 Altar of Darkness
00:58 Ziggurat
01:25 Tomb of Relics
02:02 Ziggurat
02:34 Nerubian Tower
02:34 Nerubian Tower
02:35 Nerubian Tower
04:52 Ziggurat
05:20 Halls of the Dead
05:52 Spirit Tower
07:42 Black Citadel
08:05 Slaughterhouse
08:40 Ziggurat
13:39 Necropolis
14:36 Ziggurat
16:03 Crypt
18:55 Ziggurat
18:56 Ziggurat
19:13 Ziggurat
19:53 Spirit Tower
26:05 Ziggurat
26:06 Ziggurat
26:08 Ziggurat
» items
| Rod of Necromancy | 4 | |
| Potion of Healing | 2 | |
| Orb of Corruption | 1 | |
| Scroll of Town Portal | 5 | |
| Healing Salve | 1 | |
| Lesser Clarity Potion | 1 | |
14 total
Apocolypse_Now (
orange | 11 APM | 364 actions | 33:54)
1 Dreadlord
1 Vampiric Aura
» actions
| Basic commands | 36 | |
| Build / train | 44 | |
| Enter build submenu | 10 | |
| Enter hero's abilities submenu | 1 | |
| Right click | 148 | |
| Select / deselect | 109 | |
| Use ability | 16 | |
364 total
» units
» upgrades
| Cannibalize | 1 | |
| Unholy Strength | 1 | |
2 total
» buildings
| Graveyard | 1 | |
| Tomb of Relics | 1 | |
| Altar of Darkness | 1 | |
| Crypt | 2 | |
| Ziggurat | 4 | |
| Halls of the Dead | 1 | |
10 total
» build order
00:48 Graveyard
00:58 Tomb of Relics
01:07 Altar of Darkness
01:13 Crypt
01:28 Crypt
01:58 Ziggurat
02:29 Ziggurat
03:09 Ziggurat
03:47 Ziggurat
09:00 Halls of the Dead
» items
| Rod of Necromancy | 1 | |
| Scroll of Town Portal | 2 | |
3 total
team 2 (winner)
Guardian (
purple | 68 APM | 1151 actions | 16:48)
2 Paladin
1 Holy Light
1 Divine Shield
2 Mountain King
1 Storm Bolt
1 Thunder Clap
» actions
| Assign group hotkey | 22 | |
| Build / train | 59 | |
| ESC pressed | 1 | |
| Enter build submenu | 25 | |
| Enter hero's abilities submenu | 4 | |
| Right click | 322 | |
| Select / deselect | 148 | |
| Select group hotkey | 518 | |
| Use ability | 52 | |
1151 total
» units
» upgrades
| Swords | 3 | |
| Armor | 3 | |
| Lumber Harvesting | 2 | |
| Masonry | 1 | |
| Storm Hammers | 1 | |
10 total
» buildings
| Farm | 13 | |
| Altar of Kings | 1 | |
| Keep | 4 | |
| Lumber Mill | 2 | |
| Arcane Vault | 1 | |
| Blacksmith | 1 | |
| Gryphon Aviary | 4 | |
| Castle | 1 | |
| Town Hall | 2 | |
29 total
» build order
00:30 Farm
01:20 Altar of Kings
01:25 Farm
03:09 Keep
03:09 Keep
03:09 Keep
03:12 Lumber Mill
03:17 Arcane Vault
03:21 Lumber Mill
03:24 Farm
03:30 Blacksmith
04:31 Farm
05:13 Farm
05:51 Gryphon Aviary
06:20 Castle
06:31 Town Hall
06:38 Town Hall
06:53 Farm
07:41 Farm
07:46 Gryphon Aviary
08:39 Farm
08:42 Gryphon Aviary
08:49 Gryphon Aviary
09:17 Farm
10:26 Farm
10:27 Farm
11:29 Farm
11:31 Farm
» items
| Potion of Healing | 2 | |
| Scroll of Regeneration | 3 | |
| Potion of Mana | 1 | |
6 total
world_of_wisps (
yellow | 31 APM | 743 actions | 23:46)
5 Mountain King
1 Storm Bolt
3 Bash
1 Thunder Clap
» actions
| Basic commands | 16 | |
| Build / train | 124 | |
| Enter build submenu | 45 | |
| Enter hero's abilities submenu | 5 | |
| Right click | 157 | |
| Select / deselect | 319 | |
| Use ability | 77 | |
743 total
» units
| Peasant | 26 | |
| Footman | 8 | |
| Knight | 11 | |
| Goblin Shredder | 1 | |
| Dryad | 8 | |
| Siege Engine | 7 | |
| Wisp | 4 | |
| Druid of the Claw | 1 | |
| Gryphon Rider | 6 | |
72 total
» upgrades
| Masonry | 4 | |
| Lumber Harvesting | 2 | |
| Animal War Training | 1 | |
| Abolish Magic | 1 | |
| Strength of the Wild | 2 | |
| Reinforced Hides | 1 | |
| Barrage | 1 | |
| Swords | 2 | |
| Gunpowder | 2 | |
| Plating | 2 | |
| Magic Sentry | 1 | |
| Druid of the Claw Training | 2 | |
| Nature's Blessing | 1 | |
| Mark of the Claw | 1 | |
23 total
» buildings
| Farm | 14 | |
| Altar of Kings | 1 | |
| Barracks | 2 | |
| Lumber Mill | 1 | |
| Keep | 1 | |
| Blacksmith | 1 | |
| Castle | 1 | |
| Town Hall | 1 | |
| Scout Tower | 18 | |
| Arcane Tower | 3 | |
| Guard Tower | 14 | |
| Arcane Vault | 1 | |
| Workshop | 4 | |
| Arcane Sanctum | 1 | |
| Moon Well | 1 | |
| Tree of Life | 2 | |
66 total
» build order
00:24 Farm
00:39 Altar of Kings
00:54 Barracks
00:59 Farm
01:55 Farm
02:38 Farm
03:29 Farm
04:09 Lumber Mill
04:23 Farm
04:49 Keep
05:59 Farm
07:04 Farm
07:07 Blacksmith
07:13 Castle
07:19 Town Hall
07:24 Scout Tower
07:27 Scout Tower
07:29 Scout Tower
07:35 Scout Tower
07:58 Arcane Tower
08:00 Guard Tower
08:02 Scout Tower
08:06 Scout Tower
08:08 Guard Tower
08:11 Guard Tower
08:15 Scout Tower
08:35 Guard Tower
08:39 Scout Tower
08:40 Guard Tower
08:42 Scout Tower
08:46 Guard Tower
08:51 Scout Tower
09:09 Guard Tower
09:12 Scout Tower
09:16 Guard Tower
09:18 Scout Tower
09:29 Guard Tower
09:50 Arcane Vault
09:55 Guard Tower
09:59 Guard Tower
10:23 Scout Tower
10:29 Scout Tower
10:42 Workshop
10:49 Arcane Sanctum
10:54 Workshop
11:03 Workshop
11:42 Workshop
12:00 Barracks
12:36 Moon Well
13:04 Farm
13:06 Farm
13:32 Guard Tower
14:38 Tree of Life
15:56 Tree of Life
17:14 Scout Tower
17:16 Scout Tower
19:03 Arcane Tower
19:04 Arcane Tower
19:10 Farm
19:13 Farm
19:16 Farm
19:17 Farm
19:47 Scout Tower
19:49 Scout Tower
20:32 Guard Tower
22:45 Guard Tower
» items
DeusVult (
red | 49 APM | 1664 actions | 33:54)
6 Archmage
3 Summon Water Elemental
2 Brilliance Aura
1 Mass Teleport
1 Paladin
1 Holy Light
» actions
| Assign group hotkey | 48 | |
| Basic commands | 65 | |
| Build / train | 89 | |
| Enter build submenu | 60 | |
| Enter hero's abilities submenu | 7 | |
| Right click | 635 | |
| Select / deselect | 411 | |
| Select group hotkey | 224 | |
| Use ability | 125 | |
1664 total
» units
| Peasant | 12 | |
| Footman | 4 | |
| Goblin Shredder | 1 | |
| Gryphon Rider | 9 | |
| Goblin Sapper | 2 | |
| Wisp | 5 | |
| Siege Engine | 2 | |
| Mortar Team | 2 | |
37 total
» upgrades
| Swords | 3 | |
| Armor | 3 | |
| Animal War Training | 1 | |
| Masonry | 3 | |
| Storm Hammers | 1 | |
| Cloud | 1 | |
| Gunpowder | 3 | |
| Plating | 3 | |
| Barrage | 1 | |
| Fragmentation Shards | 1 | |
| Flare | 1 | |
21 total
» buildings
| Altar of Kings | 1 | |
| Barracks | 1 | |
| Farm | 13 | |
| Scout Tower | 25 | |
| Arcane Tower | 2 | |
| Keep | 1 | |
| Arcane Vault | 2 | |
| Town Hall | 2 | |
| Castle | 1 | |
| Lumber Mill | 1 | |
| Blacksmith | 4 | |
| Gryphon Aviary | 4 | |
| Guard Tower | 6 | |
| Workshop | 6 | |
69 total
» build order
00:55 Altar of Kings
00:57 Barracks
01:01 Farm
01:10 Farm
01:13 Farm
01:17 Farm
01:26 Scout Tower
02:17 Arcane Tower
02:17 Arcane Tower
03:32 Keep
03:46 Arcane Vault
04:44 Town Hall
08:20 Castle
09:38 Lumber Mill
09:44 Blacksmith
09:45 Blacksmith
11:07 Gryphon Aviary
11:07 Gryphon Aviary
11:07 Gryphon Aviary
11:08 Gryphon Aviary
11:11 Blacksmith
11:13 Blacksmith
12:47 Scout Tower
12:48 Scout Tower
12:48 Scout Tower
12:49 Scout Tower
12:53 Scout Tower
12:53 Scout Tower
12:54 Scout Tower
13:04 Scout Tower
13:04 Scout Tower
13:04 Scout Tower
13:05 Scout Tower
13:05 Scout Tower
13:12 Scout Tower
13:12 Scout Tower
13:12 Scout Tower
13:13 Scout Tower
13:35 Guard Tower
14:12 Guard Tower
14:17 Guard Tower
14:26 Scout Tower
14:26 Scout Tower
14:27 Scout Tower
14:28 Scout Tower
14:32 Scout Tower
14:34 Scout Tower
14:35 Scout Tower
14:59 Farm
15:08 Guard Tower
15:27 Guard Tower
17:50 Guard Tower
19:12 Farm
19:17 Farm
19:17 Farm
19:17 Farm
19:18 Farm
19:19 Farm
21:31 Workshop
21:31 Workshop
21:32 Workshop
21:38 Workshop
21:38 Workshop
21:50 Farm
21:51 Farm
22:17 Workshop
31:33 Town Hall
31:58 Arcane Vault
» items
| Scroll of Regeneration | 7 | |
| Mechanical Critter | 4 | |
| Scroll of Town Portal | 1 | |
12 total
CANT_FIND_GAME (
pink | 42 APM | 484 actions | 11:33)
2 Keeper of the Grove
1 Entangling Roots
1 Thorns Aura
2 Dark Ranger
1 Black Arrow
1 Silence
» actions
| Assign group hotkey | 14 | |
| Basic commands | 16 | |
| Build / train | 35 | |
| ESC pressed | 2 | |
| Enter build submenu | 19 | |
| Enter hero's abilities submenu | 4 | |
| Remove unit from queue | 1 | |
| Right click | 116 | |
| Select / deselect | 152 | |
| Select group hotkey | 90 | |
| Use ability | 35 | |
484 total
» units
» upgrades
| Ultravision | 1 | |
| Reinforced Hides | 1 | |
2 total
» buildings
| Altar of Elders | 1 | |
| Moon Well | 4 | |
| Ancient of War | 3 | |
| Hunter's Hall | 1 | |
| Ancient of Wonders | 1 | |
| Tree of Ages | 2 | |
| Ancient Protector | 6 | |
| Ancient of Lore | 2 | |
| Tree of Eternity | 4 | |
| Tree of Life | 1 | |
25 total
» build order
00:10 Altar of Elders
00:22 Moon Well
01:31 Ancient of War
01:38 Hunter's Hall
01:52 Ancient of Wonders
02:12 Moon Well
03:17 Tree of Ages
03:44 Ancient Protector
04:20 Moon Well
05:44 Ancient of Lore
05:45 Ancient of Lore
06:04 Moon Well
06:10 Ancient of War
06:26 Ancient Protector
07:35 Tree of Eternity
07:36 Tree of Eternity
09:17 Tree of Life
09:21 Ancient Protector
09:24 Ancient Protector
09:26 Ancient Protector
09:30 Ancient Protector
09:40 Ancient of War
Chat log
(00:15 / All) DeusVult: you don't want a criminal lawyer, you want a CRIMINAL lawyer
(00:15 / Allies) Apocolypse_Now: 100g
(00:29 / Allies) WinD: foots to knights
(00:30 / All) eeeeeeeeeeeeYAK: touche
(00:33 / Allies) WinD: few griffs
(00:35 / Allies) WinD: and priest
(00:41 / Allies) Apocolypse_Now: gg its al;oss anyways
(00:52 / Allies) WinD: ya ur on our team
(01:20 / Allies) WinD: apoc u man another account
(01:29 / Allies) WinD: u were going to kill my family
(01:32 / Allies) WinD: remember
(01:39 / Allies) WinD: i still have u ip and shit saved G
(01:52 / Allies) Apocolypse_Now: stfu cunt u dont kmoe me i dont know u
(02:05 / Allies) WinD: oh i know exactly who u are and whereu live
(02:13 / Allies) eeeeeeeeeeeeYAK: why do y you space your shit?
(02:22 / Allies) Apocolypse_Now: suree u do cunt come on over asshole
(02:34 / Allies) WinD: i cant i have a job and family
(02:39 / Allies) WinD: cant just go on a road trip
(02:43 / Allies) Apocolypse_Now: come on bitch so wtf i live
(03:02 / Allies) Apocolypse_Now: ah the totonto ninja turtle ass
(03:42 / Allies) Apocolypse_Now: ah u the peter puffer with the gay husband and u r the bitch in the realtaionship
(04:08 / Allies) Apocolypse_Now: id mnail yout kids knees to the floor
(04:27 / Allies) Apocolypse_Now: rape your wife if shes a she and skin her alive
(04:29 / Allies) WinD: u cant even type im not worried
(04:41 / Allies) WinD: my daughter could beat the shit out of u so
(04:59 / All) eeeeeeeeeeeeYAK: talkin shit
(05:10 / Allies) Apocolypse_Now: oh internet warrior u claim to be married
(06:53 / Allies) WinD: rofl
(06:55 / Allies) WinD: worst tker
(07:30 / Allies) eeeeeeeeeeeeYAK: blue
(07:33 / Allies) eeeeeeeeeeeeYAK: guess we lost man.
(07:33 / Allies) TakeAChillPill: yeah?
(07:37 / Allies) TakeAChillPill: don't see why
(07:44 / Allies) TakeAChillPill: ?
(07:45 / Allies) TakeAChillPill: so?
(07:53 / Allies) TakeAChillPill: if we're a player down only matters if you two aren't good enough to make up for it
(08:22 / Allies) eeeeeeeeeeeeYAK: lmao
(08:25 / Allies) TakeAChillPill: Gave you item
(08:28 / Allies) eeeeeeeeeeeeYAK: ty
(09:24 / Allies) TakeAChillPill: take str tome
(09:50 / Allies) TakeAChillPill: sweet decent bm items on this map for once
(10:02 / Allies) TakeAChillPill: let's expo check
(10:04 / Allies) eeeeeeeeeeeeYAK: grabbing orc
(10:05 / Allies) eeeeeeeeeeeeYAK: orb
(10:12 / Allies) TakeAChillPill: should do that after
(10:14 / Allies) TakeAChillPill: but whatever
(10:48 / Allies) TakeAChillPill: would be dead if you came rather than go get orbs
(11:15 / Allies) WinD: lol
(11:26 / Allies) TakeAChillPill: not gonna get that tree because you went to go get orbs
(11:55 / Allies) TakeAChillPill: focus giant
(11:55 / Allies) TakeAChillPill: wtf
(12:45 / Allies) eeeeeeeeeeeeYAK: got tree...
(12:52 / Allies) TakeAChillPill: nice
(13:54 / Allies) WinD: maybe if u were smart oj
(13:57 / Allies) WinD: u would stand a chance
(14:05 / Allies) WinD: but ur as stupid as ur mother and father
(14:07 / Allies) WinD: shitty genese
(14:35 / Allies) Apocolypse_Now: yeah u r maried u gay ass fuck pussy id kill u in person
(14:43 / Allies) eeeeeeeeeeeeYAK: lmao
(14:46 / Allies) WinD: id one punch u
(14:54 / Allies) WinD: i could honestly kill u with one blow
(14:59 / Allies) Apocolypse_Now: coward u wont give address or phone number
(15:09 / Allies) WinD: i gave u my adress
(15:13 / Allies) WinD: street everthing
(15:16 / Allies) WinD: 70 oldfield
(15:17 / Allies) Apocolypse_Now: same line be more original
(15:19 / Allies) WinD: watch the old replay
(15:20 / Allies) WinD: faggot
(15:29 / Allies) WinD: ur just mad cuzu suck at life
(15:56 / Allies) Apocolypse_Now: false addres i will find u and hity your family b4 i hiot u
(16:06 / Allies) WinD: 70 oldfield st ottawa ontario
(16:07 / Allies) WinD: kid
(16:09 / Allies) WinD: come at me
(16:21 / Allies) WinD: green tp
(16:23 / Allies) WinD: to help blue
(16:24 / Allies) WinD: i will too
(16:30 / Allies) Apocolypse_Now: real heroe arent u u fat fuck pedophile
(16:43 / All) TakeAChillPill: Purple is a great player
(18:09 / All) DeusVult: I NEED THEM KNIGHTS YO
(18:17 / All) DeusVult: sigh
(19:04 / Allies) eeeeeeeeeeeeYAK: come
(19:06 / Allies) eeeeeeeeeeeeYAK: kill red
(19:07 / Allies) WinD: coming
(19:10 / Allies) WinD: had to deal with oj
(19:11 / Allies) WinD: first
(19:16 / Allies) WinD: his noob ass
(19:26 / Allies) WinD: well hes not a noob
(19:30 / Allies) WinD: hes been playing for a while
(19:33 / Allies) WinD: hes just a dumbass
(19:36 / Allies) WinD: cuz hes not good
(19:59 / Allies) WinD: b up
(20:00 / Allies) WinD: gtreen
(20:02 / Allies) WinD: let my mele
(20:03 / Allies) WinD: in
(21:16 / All) TakeAChillPill: Tank noob
(21:20 / All) TakeAChillPill: we've got a tank noob, folks
(21:34 / Allies) TakeAChillPill: wood me?
(21:35 / All) eeeeeeeeeeeeYAK: red has his try pants on
(22:45 / Allies) TakeAChillPill: tanks teal
(23:02 / Allies) TakeAChillPill: wood me
(23:43 / All) world_of_wisps: alright i cant control 3 with red sucking ass as well. lucky my team sucked or i would have rekt you
(23:46 / All) TakeAChillPill: tank noob lol
(23:52 / All) WinD: yellow
(23:54 / All) WinD: i tked oj
(23:57 / All) TakeAChillPill: yellow left
(24:28 / All) WinD: u guys lost a 2v4
(24:29 / All) WinD: btw
(24:33 / All) TakeAChillPill: You lost teal
(24:35 / All) TakeAChillPill: this is how you tk
(25:51 / All) TakeAChillPill: shoulda waited til I had 80 food to tk
(26:25 / Allies) TakeAChillPill: you lose
(26:28 / Allies) TakeAChillPill: 2v2
(26:32 / Allies) WinD: LOL
(26:40 / Allies) TakeAChillPill: lol
(27:27 / Allies) WinD: if only i had more aa
(27:30 / Allies) WinD: id eat u
(27:30 / Allies) WinD: ez
(27:31 / Allies) TakeAChillPill: yeah
(27:32 / Allies) TakeAChillPill: if only
(27:32 / Allies) TakeAChillPill: lol
(27:35 / Allies) TakeAChillPill: to bad you don't buddy
(27:36 / Allies) TakeAChillPill: you blow
(27:39 / Allies) TakeAChillPill: suck my dick
(27:43 / Allies) WinD: rofl
(27:46 / Allies) WinD: id own u 1v1
(27:48 / Allies) TakeAChillPill: sure
(27:49 / Allies) TakeAChillPill: 1v1 after
(27:53 / Allies) TakeAChillPill: then I can rape you again
(27:53 / Allies) WinD: sure thing
(27:55 / Allies) TakeAChillPill: meet at channel nigger
(27:59 / Allies) WinD: for sure
(28:01 / Allies) WinD: no problem,
(28:05 / All) DeusVult: come get raped boi
(28:05 / Allies) TakeAChillPill: good
(28:47 / Allies) TakeAChillPill: pathetic
(28:58 / Allies) WinD: dont talk about urself
(28:59 / Allies) WinD: that way
(29:02 / Allies) WinD: ur better than oj
(29:13 / Allies) TakeAChillPill: I'm a million times your better
(29:18 / Allies) TakeAChillPill: and just proved it
(29:36 / Allies) WinD: yeah cuz taking a sucker punch
(29:38 / Allies) WinD: and talking shit
(29:40 / Allies) WinD: means ur better
(29:41 / Allies) WinD: rofl
(29:43 / Allies) TakeAChillPill: out noobie
(29:45 / Allies) TakeAChillPill: you lose
(29:47 / Allies) TakeAChillPill: you and green lose
(30:04 / All) DeusVult: come fite me pussi
(30:04 / Allies) eeeeeeeeeeeeYAK: Idgaf
(30:06 / Allies) TakeAChillPill: the truth is, you can't handle 1 ally fighting you
(30:08 / Allies) eeeeeeeeeeeeYAK: this isn't my acct
(30:10 / Allies) WinD: rofl
(30:11 / Allies) TakeAChillPill: late game
(30:13 / All) eeeeeeeeeeeeYAK: says the one who just ran
(30:14 / Allies) TakeAChillPill: when you should have a bigarmy
(30:16 / Allies) TakeAChillPill: lots of gold
(30:19 / Allies) TakeAChillPill: and one or multiple expos
(31:35 / Allies) TakeAChillPill: how much gold you got to rebuild your army
(31:37 / Allies) TakeAChillPill: I have 2k
(31:41 / Allies) eeeeeeeeeeeeYAK: what army?
(31:44 / Allies) eeeeeeeeeeeeYAK: i have no base.
(31:46 / Allies) WinD: here come exuses
(31:55 / All) DeusVult: want some bitch boi?>
(31:56 / Allies) TakeAChillPill: excuses for what, I won my tk
(32:21 / All) eeeeeeeeeeeeYAK: you don't even know what's going on
(32:26 / All) DeusVult: yeah I do
(32:27 / All) TakeAChillPill: He does
(32:31 / All) TakeAChillPill: retard
(32:32 / All) DeusVult: blue is my mole
(32:38 / All) eeeeeeeeeeeeYAK: oh nice.
(32:39 / All) DeusVult: you done got tricked!
(32:41 / All) TakeAChillPill: We're moles on each other's team
(32:50 / All) eeeeeeeeeeeeYAK: that's cute
(32:54 / All) TakeAChillPill: you lost from the start
(33:09 / All) eeeeeeeeeeeeYAK: well fuck this then.
(33:12 / Allies) eeeeeeeeeeeeYAK: gg
(33:15 / All) WinD: 1v4 lol
(33:20 / All) WinD: cuz i had to deal with oj
(33:29 / All) WinD: than blue sucker punches me and thinks hes good rofl
(33:29 / All) WinD: gg
(33:36 / All) DeusVult: lol
(33:41 / All) DeusVult: I'm just a moving places lawl
(33:41 / All) TakeAChillPill: who loses?
(33:43 / All) TakeAChillPill: I say teal
(33:45 / All) DeusVult: green
(33:48 / All) TakeAChillPill: He was talking about hacking orange
(33:49 / All) TakeAChillPill: or something